 Dungeon Crawl Stone Soup version 0.31-a0-1388-g4b2ba238e7 (webtiles) character file.

Game seed: 17188485811881121727

67 Curundu the Slasher (level 4, -3/40 (41) HPs)
             Began as a Minotaur Berserker on Dec 25, 2023.
             Was a Believer of Trog.
             Slain by a gnoll
             ... wielding a +0 spear
              (4 damage)
             ... on level 3 of the Dungeon.
             The game lasted 00:06:25 (1788 turns).

Curundu the Slasher (Minotaur Berserker)            Turns: 1788, Time: 00:06:25

HP:   -3/40 (41)    AC:  6    Str: 23    XL:     4   Next: 0%
MP:   3/3           EV: 11    Int:  4    God:    Trog [**....]
Gold: 56            SH:  0    Dex: 10    Spells: 3/3 levels left

rFire   . . .        a - +0 falchion
rCold   . . .        (no shield)
rNeg    . . .        f - +0 ring mail
rPois   .            (helmet restricted)
rElec   .            j - +0 cloak
rCorr   .            (no gloves)
SInv    .            (no boots)
Will    .....        g - amulet of the acrobat Stlth
                     (no ring)
HPRegen 0.26/turn    (no ring)
MPRegen 0.08/turn

%: acrobat
@: lightly drained
A: horns 2, retaliatory headbutt
a: Renounce Religion, Berserk, Trog's Hand


You were on level 3 of the Dungeon.
You worshipped Trog.
Trog was pleased with you.
You visited 1 branch of the dungeon, and saw 3 of its levels.

You collected 56 gold pieces.

Inventory:

Hand Weapons
 a - a +0 falchion (weapon)
Missiles
 e - 8 poisoned darts
Armour
 b - a +0 animal skin
 f - a +0 ring mail (worn)
 j - a +0 cloak (worn)
Jewellery
 g - an amulet of the acrobat (around neck)
Scrolls
 c - 3 scrolls of identify {unknown}
 d - 2 scrolls of amnesia {unknown}
 i - a scroll of teleportation {unknown}
Potions
 h - a potion of degeneration {unknown}


   Skills:
 + Level 4.3 Fighting
 + Level 4.6 Long Blades
 + Level 3.2 Armour
 + Level 2.6 Dodging


You had 3 spell levels left.
You didn't know any spells.
Your spell library was empty.

Dungeon Overview and Level Annotations

Branches:
Dungeon (3/15)

Altars:


Innate Abilities, Weirdness & Mutations

You have a pair of horns on your head.
You reflexively headbutt those who attack you in melee.


Message History

You completely miss the goblin. The goblin closely misses you.
You hit the goblin.
The goblin is severely wounded.
The gnoll hits you from afar with a +0 spear.
The goblin misses you. The gnoll hits you but does no damage.
You closely miss the goblin. Your headbutt misses the goblin.
The goblin is severely wounded.
The goblin hits you but does no damage. The gnoll barely misses you.
The goblin hits you with a +0 club.
You hit the goblin.
You kill the goblin!
Trog accepts your kill.
The gnoll hits you from afar with a +0 spear!
You hit the gnoll but do no damage. You headbutt the gnoll.
The gnoll is moderately wounded.
The gnoll hits you from afar with a +0 spear.
The gnoll barely misses you. You furiously retaliate!
You headbutt the gnoll. You hit the gnoll but do no damage.
You headbutt the gnoll.
The gnoll is almost dead.
The gnoll misses you. The gnoll hits you with a +0 club.
* * * LOW HITPOINT WARNING * * *
You hit the gnoll but do no damage. Your punch misses the gnoll.
The gnoll is almost dead.
The gnoll hits you from afar with a +0 spear.
* * * LOW HITPOINT WARNING * * *
The gnoll hits you but does no damage.
You hit the gnoll.
You kill the gnoll!
Trog accepts your kill.
The gnoll hits you from afar with a +0 spear.
* * * LOW HITPOINT WARNING * * *
You have reached level 4!
You feel agile.
You barely miss the gnoll.
The gnoll hits you with a +0 flail of draining.
* * * LOW HITPOINT WARNING * * *
You feel drained.
* * * LOW HITPOINT WARNING * * *
The gnoll hits you from afar with a +0 spear.
You die...

#....###.#
##..#...?..
#......##.# #...##.#
######...# #
........g# .........#
........g#########
........gg@.......
#######.##########.#
#.# #.....##### #.#
#........(.. #.##
#..........# # #..##
#.......⌠.#
....##..####........#
....................#
.....######........#


You could see 3 gnolls.

Vanquished Creatures
  An adder (D:2)
  A gnoll (D:3)
  2 worms
  3 ball pythons
  6 endoplasms
  2 hobgoblins (D:2)
  9 jackals
  4 kobolds
  A quokka (D:2)
  A bat (D:1)
  2 frilled lizards (D:2)
  3 goblins
  3 rats
38 creatures vanquished.

Notes
Turn   | Place    | Note
-------+----------+-------------------------------------------
     0 | D:1      | Curundu the Minotaur Berserker began the quest for the Orb.
     0 | D:1      | Reached XP level 1. HP: 19/19 MP: 0/0
   365 | D:1      | Reached XP level 2. HP: 26/27 MP: 1/1
  1151 | D:2      | Reached XP level 3. HP: 8/33 MP: 2/2
  1158 | D:2      | HP: 2/49 [poisoned by an adder]
  1702 | D:3      | Reached ** piety under Trog
  1788 | D:3      | Reached XP level 4. HP: 9/41 MP: 3/3
  1788 | D:3      | HP: 1/40 [gnoll/+0 flail of draining (3)]
  1788 | D:3      | Slain by a gnoll

Illustrated notes

Levels and vault maps discovered:
D:1:      shiori_arrival_elements, layout_basic
D:2:      layout_rooms
D:3:      layout_basic, nicolae_overflow_ecumenical_swirl,
          chequers_ecumenical_altar_island, minmay_lizard_king

Skill      XL: |  1  2  3 |
---------------+----------+-----
Long Blades    | 4 |  4.6
Fighting       | 4 |  4.3
Armour         | 3 |  3.2
Dodging        | |  2.6

Action                     |  1- 3 |  4- 6 || total
---------------------------+-------+-------++-------
  Melee: Falchion          |    85 |     1 ||    86
         Headbutt          |    13 |       ||    13
         Punch             |     2 |       ||     2
    Use: Potion            |     1 |       ||     1
 Armour: Ring mail         |    50 |     2 ||    52
         Animal skin       |     1 |       ||     1
  Dodge: Dodged            |    90 |       ||    90

Table legend: (Time is in decaauts)
 A = Elapsed time spent in this place.
 B = Non-inter-level travel time spent in this place.
 C = Inter-level travel time spent in this place.
 D = Time resting spent in this place.
 E = Time spent auto-exploring this place.
 F = Levels seen in this place.
 G = Mean time per level.
                   A        B        C        D        E       F      G
               +--------+--------+--------+--------+--------+-----+--------+
         Total |   1795 |   1790 |      5 |    162 |   1228 |   3 |  598.3 |
       Dungeon |   1795 |   1790 |      5 |    162 |   1228 |   3 |  598.3 |
               +--------+--------+--------+--------+--------+-----+--------+

Top non-repeatable levels by time:
     D:1: 1016 daAuts
     D:2: 662 daAuts
     D:3: 117 daAuts
